 Dungeon Crawl Stone Soup version 0.27.1-4-g1640c2035a (webtiles) character file.

Game seed: 8943858091660055835

27210 Johnny the Warrior (level 13, -25/178 HPs)
             Began as a Human Berserker on Nov 2, 2021.
             Was an Elder of Trog.
             Annihilated by a reaper (26 damage)
             ... in a Gauntlet.
             The game lasted 00:15:05 (17170 turns).

Johnny the Warrior (Human Berserker)               Turns: 17170, Time: 00:15:06

Health: -25/178    AC: 14    Str: 22    XL:     13   Next: 64%
Magic:  13/13      EV: 15    Int:  8    God:    Trog [****..]
Gold:   1092       SH:  5    Dex: 13    Spells: 12/12 levels left

rFire    . . .     SeeInvis .   A - +1 long sword (drain)
rCold    . . .     Faith    .   (no shield)
rNeg     . . .     Spirit   .   s - +0 acid dragon scales
rPois    .         Reflect  +   f - +0 helmet
rElec    .         Harm     .   I - +2 cloak
rCorr    +         Rampage  .   l - +0 pair of gloves
Will     ++...     NoTele   +   P - +2 pair of boots
Stlth    ..........             U - amulet of reflection
HPRegen  1.39/turn              e - +4 ring of slaying
MPRegen  0.13/turn              y - +4 ring of evasion

@: berserking, lethally poisoned (-25 -> -51), strong-willed, regenerating,
studying Fighting, very quick
A: no striking features
a: Renounce Religion, Berserk, Trog's Hand, Brothers in Arms


You were in a Gauntlet.
You worshipped Trog.
Trog was greatly pleased with you.
You visited 2 branches of the dungeon, and saw 15 of its levels.
You also visited: Gauntlet.

You collected 1092 gold pieces.

Inventory:

Hand Weapons
 p - a +1 vampiric short sword
 A - a +1 long sword of draining (weapon)
 D - a +1 short sword of speed
 K - a +0 great sword
Missiles
 F - 3 throwing nets (quivered)
Armour
 f - a +0 helmet (worn)
 l - a +0 pair of gloves (worn)
 s - +0 acid dragon scales (worn)
 I - a +2 cloak (worn)
 P - a +2 pair of boots (worn)
Jewellery
 a - a +4 ring of evasion
 e - a +4 ring of slaying (left hand)
 m - a ring of willpower
 y - a +4 ring of evasion (right hand)
 M - a ring of positive energy
 Q - a ring of positive energy
 R - an amulet of magic regeneration
 U - an amulet of reflection (around neck)
Wands
 t - a wand of iceblast (39)
 v - a wand of paralysis (12)
 C - a wand of charming (17)
 E - a wand of mindburst (6)
 J - a wand of polymorph (2)
 W - a wand of flame (32)
Scrolls
 b - 2 scrolls of amnesia
 g - 4 scrolls of teleportation
 h - 3 scrolls of brand weapon
 j - 7 scrolls of enchant weapon
 n - 3 scrolls of immolation
 o - a scroll of vulnerability {unknown}
 q - 3 scrolls of enchant armour
 x - a scroll of torment
 H - a scroll of fog
 T - 2 scrolls of silence
Potions
 c - 4 potions of curing
 d - 3 potions of brilliance
 i - 2 potions of lignification {unknown}
 k - 3 potions of haste
 r - 3 potions of heal wounds {unknown}
 u - a potion of berserk rage {unknown}
 w - a potion of ambrosia {unknown}
 z - 2 potions of flight {unknown}
 B - 4 potions of magic
 G - 2 potions of resistance {unknown}
 L - 3 potions of degeneration {unknown}
 O - a potion of mutation {unknown}


   Skills:
 + Level 16.8 Fighting
 - Level 14.4 Long Blades
 - Level 2.0 Armour
 - Level 2.0 Dodging


You had 12 spell levels left.
You didn't know any spells.
Your spell library was empty.

Dungeon Overview and Level Annotations

Branches:
Dungeon (13/15)            Temple (0/1) D:4            Lair (0/6) D:8
    Orc (2/2) D:11            Elf (0/3) Orc:2       Gauntlet (1/1)
 Vaults: D:13-14

Altars:
Cheibriados
Elyvilon
Fedhas
Okawaru
Qazlal
Sif Muna
Zin

Shops:
D:3 (   Orc:2 *

Annotations:
D:3 3 runed translucent doors, Johnny's ghost, amateur HuBe
Orc:2 Rupert Gauntlet 7 transporters, 1 runed translucent door, exclusion: obsidian statue


Message History

You are too injured to fight recklessly!
You are too injured to fight recklessly!
You are too injured to fight recklessly!
You are too injured to fight recklessly!
You are too injured to fight recklessly!
You are too injured to fight recklessly!
You hit the hellwing.
The hellwing is severely wounded.
You feel very sick.
The reaper hits you from afar with a +1 scythe of venom!!!
* * * LOW HITPOINT WARNING * * *
You are more poisoned.
You slash the hellwing!
The hellwing is almost dead.
You feel very sick. The hellwing closely misses you. The hellwing hits you.
* * * LOW HITPOINT WARNING * * *
You hit the hellwing but do no damage.
The hellwing is almost dead.
You feel very sick. The reaper barely misses you.
You slice the hellwing!!
You kill the hellwing!
Trog accepts your kill.
You feel very sick.
You feel very sick.
The reaper hits you with a +1 scythe of venom!!
* * * LOW HITPOINT WARNING * * *
You are more poisoned.
There is an open translucent door, spattered with blood here.
You slash the reaper!
The reaper is lightly wounded.
* * * LOW HITPOINT WARNING * * *
You feel very sick.
You completely miss the reaper.
The reaper is lightly wounded.
* * * LOW HITPOINT WARNING * * *
You feel very sick.
The reaper hits you with a +1 scythe of venom!!
You die...

#########################
#≈#≈#≈#≈#≈#≈#≈#§#§#§#≈#≈#
....§.............§..§§.##
........................≈#
..#########..#########..##
..#.......#..###...###..≈#
..#..####.#..###2..###..##
###.##..#.####..@##}##..≈#
©©#.#.©#.©#©©#..#©#[©#..## .#
###.#.##^[####..##+.##..≈# ..#
..#.##.^..#..###5.[###..###...
..#.......#..###...###..#....#
..#########..#########..#©...#
......................∩.#....#
........................#.....
#########..###########..#©...#


You could see a reaper and a shadow imp.

Vanquished Creatures
  Snorg (D:13)
  Harold (D:8)
  Erolcha (D:10)
  2 boulder beetles
  A death knight (D:9)
  4 two-headed ogres
  3 tengu warriors
  2 centaur warriors
  A sixfirhy (Gauntlet)
  2 skeletal warriors (D:12)
  Pikel (D:8)
  A deep elf pyromancer (D:12)
  A cyclops (Orc:1)
  An ugly thing (D:11)
  A gargoyle (D:10)
  2 tengu conjurers (Gauntlet)
  A hellwing (Gauntlet)
  Psyche (D:8)
  3 trolls
  A meliai (D:9)
  A slime creature (D:9)
  Prince Ribbit (D:9)
  Grinder (D:5)
  A wraith (D:10)
  A yak (shapeshifter) (D:9)
  30 yaks
  A steam dragon (D:8)
  2 vampire mosquitoes (D:12)
  5 water moccasins
  An ice beast (D:5)
  2 necrophages
  10 orc warriors
  6 ogres
  5 centaurs
  2 lemures (D:8)
  4 phantoms
  A kobold brigand (D:8)
  Blork the orc (D:4)
  4 bullfrogs
  3 scorpions
  17 killer bees
  12 wights
  An electric eel (D:11)
  5 howler monkeys
  A centaur zombie (D:8)
  3 hounds
  4 orc priests
  2 gnoll shamans (D:10)
  2 jellies
  3 centaur skeletons (D:7)
  3 iguanas
  Ijyb (D:5)
  11 orc wizards
  A killer bee zombie (D:4)
  2 hound skeletons (D:4)
  11 gnolls
  12 adders
  2 howler monkey skeletons (D:7)
  3 ufetubi
  2 worms
  7 dart slugs
  22 orcs
  14 ball pythons
  3 bats
  5 endoplasms
  5 giant cockroaches
  10 goblins
  5 hobgoblins
  10 jackals
  13 kobolds
  4 quokkas
  A frilled lizard (D:1)
  3 rats
313 creatures vanquished.

Vanquished Creatures (collateral kills)
  An orc knight (Orc:1)
  An orc warrior (Orc:1)
  An orc (Orc:1)
3 creatures vanquished.

Vanquished Creatures (others)
  An orc wizard (D:8)
  6 fungi
  12 plants
  4 toadstools (D:1)
23 creatures vanquished.

Grand Total: 339 creatures vanquished

Notes
Turn   | Place    | Note
-------+----------+-------------------------------------------
     0 | D:1      | Johnny the Human Berserker began the quest for the Orb.
     0 | D:1      | Reached XP level 1. HP: 18/18 MP: 1/1
   236 | D:1      | Reached XP level 2. HP: 24/24 MP: 2/2
   977 | D:2      | Reached XP level 3. HP: 29/29 MP: 3/3
  1260 | D:2      | Reached ** piety under Trog
  1364 | D:2      | Reached XP level 4. HP: 20/35 MP: 4/4
  2705 | D:2      | Reached XP level 5. HP: 42/42 MP: 5/5
  2850 | D:3      | Found a faded altar of an unknown god.
  3132 | D:3      | Reached skill level 4 in Fighting
  3375 | D:3      | Reached skill level 5 in Long Blades
  3470 | D:3      | Noticed an orc warrior
  3470 | D:3      | Noticed a phantom
  3529 | D:3      | Found a runed translucent gate.
  3529 | D:3      | Found a runed translucent gate.
  3529 | D:3      | Found a runed translucent gate.
  3530 | D:3      | Noticed a kobold brigand
  3531 | D:3      | Noticed Johnny's ghost (amateur HuBe)
  3878 | D:3      | Found Cusyapn's Antique Weapon Boutique.
  4108 | D:4      | Noticed an ogre
  4112 | D:4      | Killed an ogre
  4113 | D:4      | Reached XP level 6. HP: 49/49 MP: 6/6
  4536 | D:4      | Found a staircase to the Ecumenical Temple.
  4580 | D:4      | Found the +5 scythe "Finisher" {speed, eviscerate}
  4606 | D:4      | Noticed Blork the orc
  4616 | D:4      | Killed Blork the orc
  4617 | D:4      | Reached XP level 7. HP: 55/55 MP: 7/7
  4758 | D:4      | Paralysed by a kobold for 2 turns
  4767 | D:4      | Reached *** piety under Trog
  5081 | D:4      | Reached skill level 5 in Fighting
  5504 | D:5      | Entered Level 5 of the Dungeon
  5517 | D:5      | Identified the +2 robe "Seb Egireh" {Int+3}
  5672 | D:5      | Noticed Grinder
  5681 | D:5      | Killed Grinder
  5682 | D:5      | Reached XP level 8. HP: 62/62 MP: 8/8
  5835 | D:5      | Found an iron altar of Okawaru.
  5844 | D:5      | Found a white marble altar of Elyvilon.
  5930 | D:5      | Noticed Ijyb
  5946 | D:5      | Killed Ijyb
  6248 | D:5      | Found a snail-covered altar of Cheibriados.
  6371 | D:5      | Found a blossoming altar of Fedhas.
  6590 | D:6      | Reached XP level 9. HP: 58/68 MP: 9/9
  6694 | D:6      | Reached skill level 10 in Long Blades
  6741 | D:6      | Found a shimmering blue altar of Sif Muna.
  7081 | D:6      | Found a stormy altar of Qazlal.
  8254 | D:8      | Noticed Pikel
  8279 | D:8      | Noticed Harold
  8308 | D:8      | Killed Harold
  8309 | D:8      | Reached XP level 10. HP: 74/74 MP: 10/10
  8454 | D:8      | Reached **** piety under Trog
  8532 | D:8      | Noticed a two-headed ogre
  9164 | D:8      | Killed a two-headed ogre
  9256 | D:8      | Killed Pikel
  9929 | D:8      | Found a staircase to the Lair.
 10312 | D:8      | Noticed Psyche
 10315 | D:8      | Killed Psyche
 10316 | D:8      | Reached XP level 11. HP: 81/81 MP: 11/11
 10478 | D:9      | Reached skill level 6 in Fighting
 10493 | D:9      | Reached skill level 7 in Fighting
 10703 | D:9      | Noticed a centaur warrior
 10703 | D:9      | Noticed a boulder beetle
 10712 | D:9      | Killed a centaur warrior
 10713 | D:9      | Reached skill level 8 in Fighting
 10751 | D:9      | Killed a boulder beetle
 10752 | D:9      | Reached skill level 9 in Fighting
 10773 | D:9      | Noticed a death knight
 10787 | D:9      | Killed a death knight
 10895 | D:9      | Reached skill level 10 in Fighting
 11361 | D:9      | Noticed Prince Ribbit
 11381 | D:9      | Killed Prince Ribbit
 11889 | D:9      | Noticed a two-headed ogre
 11896 | D:9      | Reached skill level 11 in Fighting
 11896 | D:9      | Reached XP level 12. HP: 97/99 MP: 12/12
 11901 | D:9      | Killed a two-headed ogre
 12319 | D:10     | Entered Level 10 of the Dungeon
 12491 | D:10     | Reached skill level 12 in Fighting
 12591 | D:10     | Noticed Erolcha
 12613 | D:10     | Killed Erolcha
 13235 | D:10     | Noticed a boulder beetle
 13247 | D:10     | Killed a boulder beetle
 13248 | D:10     | Reached skill level 13 in Fighting
 13791 | D:11     | Noticed a centaur warrior
 13803 | D:11     | Killed a centaur warrior
 14077 | D:11     | Noticed a two-headed ogre
 14097 | D:11     | Killed a two-headed ogre
 14098 | D:11     | Reached skill level 14 in Fighting
 14162 | D:11     | You fall into a shaft and drop 2 floors!
 14162 | D:13     | Noticed a tengu warrior
 14164 | D:13     | Noticed a tengu warrior
 14164 | D:13     | Noticed a tengu warrior
 14230 | D:13     | Noticed Snorg
 14245 | D:13     | Killed Snorg
 14246 | D:13     | Reached XP level 13. HP: 113/113 MP: 13/13
 14858 | D:11     | Reached skill level 15 in Fighting
 15009 | D:11     | Found a staircase to the Orcish Mines.
 15909 | D:11     | Identified a scroll of acquirement
 15911 | D:11     | Acquired a manual of Fighting
 15955 | D:12     | Found a glowing silver altar of Zin.
 16386 | Orc:1    | Entered Level 1 of the Orcish Mines
 16425 | Orc:1    | Reached skill level 16 in Fighting
 16645 | Orc:2    | Entered Level 2 of the Orcish Mines
 16680 | Orc:2    | Found Douw's General Store.
 16707 | Orc:2    | Found a gate leading to a gauntlet.
 16709 | Orc:2    | Noticed Rupert
 16747 | Gauntlet | Entered a Gauntlet
 16747 | Gauntlet | Found a transporter.
 16747 | Gauntlet | Found a transporter.
 16747 | Gauntlet | Found a transporter.
 16757 | Gauntlet | Found a runed translucent door.
 16760 | Gauntlet | Found a transporter.
 16761 | Gauntlet | Found a transporter.
 16769 | Gauntlet | Found a transporter.
 16772 | Gauntlet | Found a transporter.
 16776 | Gauntlet | Found a runed translucent door.
 16776 | Gauntlet | Noticed a reaper
 16778 | Gauntlet | Found a runed translucent door.
 16779 | Gauntlet | Found the +2 ratskin cloak {*Rats rPois rN+ Str-1 Int-1
                  | Dex+1}
 16780 | Gauntlet | Found a transporter.
 16798 | Gauntlet | Found a transporter.
 16815 | Gauntlet | Found a transporter.
 16818 | Gauntlet | Found a transporter.
 16828 | Gauntlet | Found a transporter.
 17169 | Gauntlet | HP: 5/178 [poisoned by a reaper]
 17170 | Gauntlet | HP: 1/178 [poisoned by a reaper]
 17170 | Gauntlet | Annihilated by a reaper

Illustrated notes

Levels and vault maps discovered:
D:1:      minmay_arrival_shattered_statue, layout_loops_cross,
          minmay_gold_behind_fungi
D:2:      layout_loops_ring, minmay_misc_feat_rows, minmay_misc_feat_x,
          minmay_snake_closets
D:3:      layout_basic, gammafunk_ghost_nasty_kobolds, basic_ecumenical_altar,
          serial_shops, nicolae_shop_waterfront, lightli_corner_chamber
D:4:      minmay_recursive_quarters, layout_loops_ring,
          minmay_temple_entry_stoned_glass, minmay_circle_x, uniq_blork_the_orc
D:5:      layout_rooms, mainiacjoe_overflow_small_starburst,
          mainiacjoe_overflow_swirl, fedhas_altar_fruit_tree, serial_rivers,
          chequers_serial_rivers_large_b, chequers_serial_rivers_small_3,
          chequers_serial_rivers_micro_a, chequers_serial_rivers_room_a,
          chequers_serial_rivers_micro_c, uniq_grinder, uniq_ijyb
D:6:      layout_loops_ring, led_sif_pool, old_standard_altar
D:7:      layout_loops_cross
D:8:      layout_gridville, grunt_lair_entry_orc_guard_hut,
          hellmonk_bongcloud_opening, st_stairs_6, uniq_pikel, uniq_psyche,
          uniq_harold
D:9:      layout_basic, minmay_the_grid_2x2 [minmay_the_grid_zigzag_pyramid,
          minmay_the_grid_medium_cups, minmay_the_grid_stretched_grid,
          minmay_the_grid_prize_big_room], uniq_prince_ribbit1
D:10:     layout_irregular_city, grunt_ministairs_3, uniq_erolcha
D:11:     layout_gridville, erik_orc_2
D:12:     layout_basic, zin_scriptorium, uniq_urug, uniq_gastronok
D:13:     layout_stronghold, lightli_vaults_fourway_checkpoint, serial_shops,
          nicolae_shop_stone, uniq_snorg
Orc:1:    layout_diamond_mine, uniq_erica, uniq_sonja
Orc:2:    st_orc_pillars, layout_caves, gauntlet_entry_generic, serial_shops,
          nicolae_square_shop, uniq_rupert, uniq_nessos
Gauntlet: minmay_gauntlet_mixed_big_or_small [nicolae_gauntlet_arena_t_cross,
          minmay_gauntlet_arena_77_path, gammafunk_gauntlet_arena_teeth,
          minmay_gauntlet_arena_77_hold_the_fort,
          nicolae_gauntlet_arena_grate_2, minmay_gauntlet_arena_77_cramped,
          gauntlet_exit_watery]

Skill      XL: |  1  2  3  4  5  6  7  8  9 10 11 12 13 |
---------------+----------------------------------------+-----
Long Blades    | 4 5 6 8 9 12 14 | 14.4
Fighting       | 4 5 11 14 16 | 16.8
Armour         | |  2.0
Dodging        | |  2.0

Action                   |  1- 3 |  4- 6 |  7- 9 | 10-12 | 13-15 || total
-------------------------+-------+-------+-------+-------+-------++-------
Melee: Falchion          |    66 |    54 |       |       |       ||   120
       Short sword       |       |    71 |   267 |   166 |       ||   504
       Long sword        |       |       |    33 |   364 |   180 ||   577
Throw: Throwing net      |       |       |       |     2 |       ||     2
Invok: Berserk           |       |     3 |     7 |    14 |    13 ||    37
       Trog's Hand       |       |       |     3 |    14 |     3 ||    20
Evoke: Wand              |       |       |       |    22 |     2 ||    24
  Use: Scroll            |       |       |     8 |     5 |     8 ||    21
       Potion            |       |       |       |     3 |     1 ||     4
 Stab: Sleeping          |     3 |     1 |       |       |       ||     4
       Paralysed         |       |       |       |    11 |       ||    11
Armor: Animal skin       |    13 |    19 |       |       |       ||    32
       Acid dragon scale |       |     8 |    58 |   123 |    55 ||   244
Dodge: Dodged            |    42 |    65 |   134 |   312 |    89 ||   642
Block: Other             |       |       |       |       |    29 ||    29
       Rpst.: Falchion   |    14 |     7 |       |       |       ||    21
       Long sword        |       |       |     5 |    55 |    18 ||    78
